 Dungeon Crawl Stone Soup version 0.20.0-15-g7f486f2 (webtiles) character file.

188 Galewin the Chopper (level 5, -4/41 HPs)
             Began as a Barachi Berserker on June 12, 2017.
             Was a Believer of Trog.
             Killed from afar by an orc wizard (8 damage)
             ... with a magic dart
             ... on level 3 of the Dungeon.
             The game lasted 00:06:03 (1860 turns).

Galewin the Chopper (Barachi Berserker)             Turns: 1860, Time: 00:06:04

Health: -4/41      AC:  2    Str: 19    XL:     5   Next: 67%
Magic:  5/5        EV: 12    Int:  7    God:    Trog [**....]
Gold:   142        SH:  6    Dex: 12    Spells: 4/4 levels left

rFire    . . .     SeeInvis .   a - +0 hand axe
rCold    . . .     Gourm    .   q - +2 buckler
rNeg     . . .     Faith    .   b - +0 animal skin
rPois    .         Spirit   .   (no helmet)
rElec    .         Reflect  .   (no cloak)
rCorr    .         Harm     .   (no gloves)
MR       .....                  (no boots)
Stlth    +.........             (no amulet)
Regen    0.2/turn               (no ring)
MPRegen  0.1/turn               (no ring)

@: lethally poisoned (-4 -> -14), slow
A: +LOS, swims, slowness 1, strong legs 1
a: Hop, Berserk, Trog's Hand, Burn Spellbooks, Renounce Religion


You were on level 3 of the Dungeon.
You worshipped Trog.
Trog was pleased with you.
You were not hungry.

You visited 1 branch of the dungeon, and saw 3 of its levels.

You collected 142 gold pieces.

Inventory:

Hand Weapons
 a - a +0 hand axe (weapon)
Armour
 b - a +0 animal skin (worn)
 q - a +2 buckler (worn)
Jewellery
 y - an uncursed ring of poison resistance {unknown}
Wands
 x - a wand of random effects (23/48)
Scrolls
 d - 5 scrolls of identify
 e - a scroll of random uselessness {unknown}
 f - 2 scrolls of fear {unknown}
 g - a scroll of enchant weapon {unknown}
 l - a scroll of teleportation {unknown}
 m - a scroll of magic mapping {unknown}
 r - a scroll of blinking {unknown}
 s - 2 scrolls of recharging {unknown}
 t - a scroll of enchant armour {unknown}
 u - 3 scrolls of remove curse {unknown}
Potions
 h - 4 potions of might {unknown}
 i - 2 potions of flight {unknown}
 j - a potion of heal wounds {unknown}
 k - 3 potions of curing {unknown}
 o - 2 potions of brilliance {unknown}
 v - a potion of experience {unknown}
 w - 2 potions of mutation {unknown}
 z - a potion of cancellation {unknown}
Comestibles
 c - 3 bread rations
 n - 2 chunks of flesh
 p - a meat ration


   Skills:
 - Level 3.6 Fighting
 * Level 6.2 Axes
 - Level 2.4 Armour
 - Level 2.1 Dodging
 + Level 2.2 Shields


You had 4 spell levels left.
You didn't know any spells.

Dungeon Overview and Level Annotations

Branches:
Dungeon (3/15)

Altars:


Innate Abilities, Weirdness & Mutations

Shadows flee at your approach. (+LOS)
You can swim through water.
You cover ground slowly.
You can hop short distances.


Message History

You feel less confused.
* * * LOW HITPOINT WARNING * * *
You feel sick. The bat barely misses you. The orc wizard misses you.
You hit the orc wizard.
The orc wizard is heavily wounded.
You hit the bat but do no damage.
* * * LOW HITPOINT WARNING * * *
You feel sick. The bat misses you. You block the orc wizard's attack.
You hit the orc wizard.
The orc wizard is heavily wounded.
* * * LOW HITPOINT WARNING * * *
You feel sick. You block the bat's attack.
The orc wizard hits you with a dagger of venom.
* * * LOW HITPOINT WARNING * * *
You closely miss the orc wizard.
The orc wizard is heavily wounded.
You miss the bat. The bat misses you.
The orc wizard gestures at you while chanting.
The magic dart hits you!
You die...

##......## ###...##
##.[......## #....#
#..........# ###..##
#?.........# #...#
#..........# #..>.
###..........# #....
#........)...#########....
.##.....o................
#.......b@..##########....
#.+#######+..# #.... #..#
#.... #..# ##### #..# #..#
#.## ..


You could see an orc wizard and a bat.

Vanquished Creatures
  Terence (D:3)
  Natasha (thrice) (D:2)
  An adder (D:3)
  An ooze (D:1)
  2 worms (D:2)
  2 dart slugs
  A leopard gecko (D:1)
  4 orcs (D:3)
  A ball python (D:2)
  2 bats
  4 giant cockroaches
  10 goblins
  6 hobgoblins
  6 jackals
  2 kobolds
  A quokka (D:3)
  5 frilled lizards
  6 rats
58 creatures vanquished.

Notes
Turn   | Place    | Note
-------+----------+-------------------------------------------
     0 | D:1      | Galewin the Barachi Berserker began the quest for the Orb.
     0 | D:1      | Reached XP level 1. HP: 18/18 MP: 1/1
   126 | D:1      | Reached XP level 2. HP: 24/24 MP: 2/2
   148 | D:1      | Reached skill level 4 in Axes
   294 | D:1      | Reached XP level 3. HP: 22/29 MP: 3/3
   347 | D:1      | Reached ** piety under Trog
   823 | D:2      | Reached skill level 5 in Axes
  1273 | D:2      | Reached XP level 4. HP: 33/36 MP: 4/4
  1323 | D:2      | Noticed Natasha
  1332 | D:2      | Killed Natasha
  1332 | D:2      | Reached skill level 1 in Shields
  1556 | D:2      | Noticed Natasha
  1566 | D:2      | Killed Natasha
  1586 | D:2      | Noticed Natasha
  1597 | D:2      | Killed Natasha
  1597 | D:2      | Reached XP level 5. HP: 27/41 MP: 5/5
  1663 | D:3      | Noticed Terence
  1676 | D:3      | Killed Terence
  1676 | D:3      | Reached skill level 6 in Axes
  1860 | D:3      | Killed from afar by an orc wizard

Skill      XL: |  1  2  3  4  5 |
---------------+----------------+-----
Axes           | 4 5 6 |  6.2
Shields        | 2 |  2.2
Fighting       | |  3.6
Armour         | |  2.4
Dodging        | |  2.1

Action                   |  1- 3 |  4- 6 || total
-------------------------+-------+-------++-------
Melee: Hand axe          |   111 |    74 ||   185
Invok: Berserk           |     1 |     3 ||     4
       Trog's Hand       |       |     3 ||     3
       Burn Spellbooks   |       |     1 ||     1
  Use: Scroll            |     1 |       ||     1
 Stab: Sleeping          |     1 |       ||     1
  Eat: Chunk             |     3 |     6 ||     9
Armor: Animal skin       |    18 |    10 ||    28
Dodge: Dodged            |    67 |    53 ||   120
Block: Buckler           |     3 |    22 ||    25
